 Dungeon Crawl Stone Soup version 0.28-a0-305-g9e858e973b (webtiles) character file.

Game seed: 4510185538960477375

170 TrayleKats the Chopper (level 5, -2/48 HPs)
             Began as a Hill Orc Monk on Aug 30, 2021.
             Slain by Grinder (4 damage)
             ... on level 3 of the Dungeon.
             The game lasted 00:04:28 (3602 turns).

TrayleKats the Chopper (Hill Orc Monk)              Turns: 3602, Time: 00:04:29

Health: -2/48      AC:  4    Str: 15    XL:     5   Next: 50%
Magic:  5/5        EV: 12    Int: 10    God:
Gold:   134        SH:  0    Dex: 13    Spells: 4/4 levels left

rFire   . . .      SeeInvis .   a - +0 hand axe
rCold   . . .      Faith    .   (no shield)
rNeg    . . .      Spirit   .   p - +0 leather armour
rPois   .          Reflect  .   (no helmet)
rElec   .          Harm     .   c - +0 cloak
rCorr   .          Rampage  .   (no gloves)
Will    .....                   (no boots)
Stlth   ++........              (no amulet)
HPRegen 0.16/turn               (no ring)
MPRegen 0.09/turn               (no ring)

@: no status effects
A: no striking features
a: no special abilities


You were on level 3 of the Dungeon.
You visited 1 branch of the dungeon, and saw 3 of its levels.

You collected 134 gold pieces.

Inventory:

Hand Weapons
 a - a +0 hand axe (weapon)
Missiles
 e - 4 boomerangs (quivered)
 g - 21 poisoned darts
Armour
 c - a +0 cloak (worn)
 k - a +0 tower shield
 m - a +0 buckler
 p - a +0 leather armour (worn)
Scrolls
 b - a scroll of immolation {unknown}
 f - a scroll of holy word {unknown}
 j - a scroll of teleportation {unknown}
 o - a scroll of identify {unknown}
Potions
 l - a potion of curing


   Skills:
 + Level 5.0 Fighting
 * Level 6.9 Axes
 - Level 2.4 Dodging
 - Level 1.5 Stealth


You had 4 spell levels left.
You didn't know any spells.
Your spell library was empty.

Dungeon Overview and Level Annotations

Branches:
Dungeon (3/15)

Altars:
Beogh

Annotations:
D:3 Grinder


Message History

You swing at nothing.
Grinder gestures at you.
You shrug off the repeated paralysis!
You swing at nothing.
You swing at nothing.
You hit Grinder but do no damage.
Grinder is lightly wounded.
Grinder hits you but does no damage.
You closely miss Grinder.
Grinder is lightly wounded.
Grinder gestures at you. You resist with significant effort.
You closely miss Grinder.
Grinder is lightly wounded.
You feel less wooden.
Your +0 cloak unmelds from your body.
Your +0 leather armour unmelds from your body.
Grinder hits you.
You hit Grinder.
Grinder is lightly wounded.
You completely miss Grinder.
Grinder is lightly wounded.
Grinder closely misses you.
You hit Grinder.
Grinder is moderately wounded.
Grinder gestures at you.
You suddenly lose the ability to move!
Grinder hits you.
You writhe in agony.
* * * LOW HITPOINT WARNING * * *
Grinder hits you.
* * * LOW HITPOINT WARNING * * *
You writhe in agony.
* * * LOW HITPOINT WARNING * * *
You can move again.
You hit Grinder.
Grinder is moderately wounded.
Grinder hits you.
* * * LOW HITPOINT WARNING * * *
You writhe in agony.
You die...

≈♣≈♣### ##. ≈≈♣#
####.. ≈♣#
##############
#..... ♣≈♣
#...>........#
#.##.> ♣≈P
##.#.#.######.# #
##. ♣ #+#
.....#.#### #.# #.
# .....>5....# #.#
#. ........##.# #.#
#. ....######@# #.#
#.#. ... #5#
#.##### #.## .. #.#
#.....# #.## .
#.#######.# #.##
..........# #.##
..#######.# #.##
..# #.# #.##
#..#######.#####.##
.............<..


You could see Grinder.

Vanquished Creatures
  A water moccasin skeleton (D:3)
  5 adders
  3 worms
  4 dart slugs
  9 ball pythons
  5 endoplasms
  A giant cockroach (D:1)
  3 goblins
  5 hobgoblins
  4 jackals (D:2)
  8 kobolds
  A quokka (D:2)
  6 bats
  4 frilled lizards
  3 rats
62 creatures vanquished.

Notes
Turn   | Place    | Note
-------+----------+-------------------------------------------
     0 | D:1      | TrayleKats the Hill Orc Monk began the quest for the Orb.
     0 | D:1      | Reached XP level 1. HP: 19/19 MP: 1/1
   161 | D:1      | Reached XP level 2. HP: 27/27 MP: 2/2
   327 | D:1      | Found a roughly hewn altar of Beogh.
   375 | D:1      | Found a faded altar of an unknown god.
   426 | D:1      | Reached skill level 5 in Axes
   429 | D:1      | Reached XP level 3. HP: 29/33 MP: 3/3
  2058 | D:2      | Reached XP level 4. HP: 35/41 MP: 4/4
  2441 | D:2      | Reached skill level 6 in Axes
  3121 | D:3      | Reached XP level 5. HP: 40/47 MP: 5/5
  3347 | D:3      | Reached skill level 5 in Fighting
  3527 | D:3      | Noticed Grinder
  3534 | D:3      | Paralysed by Grinder for 4 turns
  3589 | D:3      | Paralysed by Grinder for 2 turns
  3599 | D:3      | Paralysed by Grinder for 3 turns
  3602 | D:3      | HP: 2/48 [Grinder (5)]
  3602 | D:3      | Slain by Grinder

Illustrated notes

Levels and vault maps discovered:
D:1:      saegor_arrival_miasma, layout_basic,
          hellmonk_ecumenical_altar_defaced_shrine
D:2:      layout_loops_cross, minmay_cupped
D:3:      layout_loops_ring, elyvilon_altar_1, saegor_snake_ambush, uniq_grinder

Skill      XL: |  1  2  3  4  5 |
---------------+----------------+-----
Fighting       | 4 5 |  5.0
Axes           | 5 6 |  6.9
Dodging        | |  2.4
Stealth        | |  1.5

Action                   |  1- 3 |  4- 6 || total
-------------------------+-------+-------++-------
Melee: Hand axe          |   149 |   120 ||   269
  Use: Potion            |       |     5 ||     5
 Stab: Sleeping          |     4 |     4 ||     8
       Distracted        |     2 |       ||     2
Armor: Robe              |    33 |    11 ||    44
       Leather armour    |       |     5 ||     5
       Skin              |       |     3 ||     3
Dodge: Dodged            |    99 |    65 ||   164

Table legend: (Time is in decaauts)
 A = Elapsed time spent in this place.
 B = Non-inter-level travel time spent in this place.
 C = Inter-level travel time spent in this place.
 D = Time resting spent in this place.
 E = Time spent auto-exploring this place.
 F = Levels seen in this place.
 G = Mean time per level.
                   A        B        C        D        E       F      G
               +--------+--------+--------+--------+--------+-----+--------+
         Total |   3615 |   3477 |    138 |    978 |   1857 |   3 | 1205.0 |
       Dungeon |   3615 |   3477 |    138 |    978 |   1857 |   3 | 1205.0 |
               +--------+--------+--------+--------+--------+-----+--------+

Top non-repeatable levels by time:
     D:2: 1406 daAuts
     D:1: 1387 daAuts
     D:3: 821 daAuts
